 Dungeon Crawl Stone Soup version 0.21.1-1-g345015f (webtiles) character file.

63 letownia2 the Conjurer (level 4, -13/24 HPs)
             Began as a Gargoyle Wizard on Mar 21, 2018.
             Mangled by an ogre
             ... wielding a +0 giant club
              (16 damage)
             ... on level 4 of the Dungeon.
             The game lasted 00:05:34 (959 turns).

letownia2 the Conjurer (Gargoyle Wizard)             Turns: 959, Time: 00:05:35

Health: -13/24     AC:  6    Str: 10    XL:     4   Next: 9%
Magic:  1/8        EV: 12    Int: 20    God:
Gold:   67         SH:  0    Dex:  8    Spells: 3/9 levels left

rFire    . . .     SeeInvis .   e - +0 short sword
rCold    . . .     Gourm    .   (no shield)
rNeg     + . .     Faith    .   a - +0 robe
rPois    ∞         Spirit   .   f - +0 helmet (curse)
rElec    +         Reflect  .   (no cloak)
rCorr    .         Harm     .   (no gloves)
MR       .....                  (no boots)
Stlth    ++........             (no amulet)
HPRegen  0.08/turn              (no ring)
MPRegen  0.11/turn              (no ring)

@: very slightly contaminated
A: negative energy resistance 1, electricity resistance, unbreathing,
petrification resistance, rot immunity, AC +3
a: no special abilities


You were on level 4 of the Dungeon.
You were hungry.

You visited 1 branch of the dungeon, and saw 4 of its levels.

You collected 67 gold pieces.

Inventory:

Hand Weapons
 e - a +0 short sword (weapon)
 i - a +0 trident
 k - a +0 mace
 l - a +0 hunting sling
Missiles
 j - 18 sling bullets
Armour
 a - a +0 robe (worn)
 b - a +0 hat
 f - a cursed +0 helmet (worn)
 h - a +0 ring mail
 n - a cursed +0 plate armour
Scrolls
 g - 2 scrolls of amnesia {unknown}
 m - a scroll of fog {unknown}
Books
 c - a book of Minor Magic

   Spells                             Type                      Level
   a - Magic Dart                     Conjuration                  1
   b - Blink                          Translocation                2
   c - Call Imp                       Summoning                    2
   d - Slow                           Hexes                        2
   e - Conjure Flame                  Conjuration/Fire             3
   f - Mephitic Cloud                 Conjuration/Poison/Air       3
Comestibles
 d - 3 rations
 o - a chunk of flesh


   Skills:
 - Level 1.5 Dodging
 - Level 2.1 Stealth
 + Level 3.0 Spellcasting
 + Level 3.2 Conjurations
 - Level 1.4 Summonings
   Level 0.8 Translocations
 - Level 0.8 Air Magic
 - Level 1.0 Poison Magic


You had 3 spell levels left.
You knew the following spells:

 Your Spells              Type           Power        Failure   Level  Hunger
a - Magic Dart            Conj           ###.         3%          1    None
e - Mephitic Cloud        Conj/Pois/Air  #.......     22%         3    ###....
i - Call Imp              Summ           #.......     12%         2    ##.....


Dungeon Overview and Level Annotations

Branches:
Dungeon (4/15)
 Temple: D:4-7

Altars:


Innate Abilities, Weirdness & Mutations

You are resistant to torment.
Your stone body is resilient. (AC +3)
You are immune to poison.
You resist negative energy. (rN+)
You are resistant to electric shocks. (rElec)
You can survive without breathing.
You are immune to petrification.
You are immune to rotting.


Message History

Unknown command.
Unknown command.
The ogre is engulfed in noxious fumes.
Unknown command.
Casting: Mephitic Cloud
Confirm with . or Enter, or press ? or * to list all spells.
You miscast Call Imp.
You are very lightly contaminated with residual magic.
Shadowy shapes form in the air around you, then vanish.
The ogre closely misses you.
Unknown command.
You hit the ogre.
The ogre is severely wounded.
The ogre barely misses you.
Unknown command.
You hit the ogre.
The ogre is almost dead.
The ogre hits you with a giant club!
Ouch! That really hurt!
You die...

.. # .. # ## .##
## #......# .
.....#.#
.....#.#######
......w..O@.#
#......#####
#.......<#
########..#...###
...w.w....#...#
..######......#
##...........## #
###.##.###.# ≈#
#.##.# #.#


You could see an ogre and a dart slug.

Vanquished Creatures
  Robin (D:1)
  An orc (D:3)
  A giant cockroach (D:2)
  10 hobgoblins
  3 kobolds (D:1)
  A quokka (D:3)
  5 bats
  2 frilled lizards
  7 goblins
  A rat (D:2)
32 creatures vanquished.

Vanquished Creatures (collateral kills)
  2 adders (D:4)
  A ball python (D:4)
3 creatures vanquished.

Grand Total: 35 creatures vanquished

Notes
Turn   | Place    | Note
-------+----------+-------------------------------------------
     0 | D:1      | letownia2 the Gargoyle Wizard began the quest for the Orb.
     0 | D:1      | Reached XP level 1. HP: 10/10 MP: 4/4
   151 | D:2      | Reached XP level 2. HP: 8/15 MP: 4/6
   163 | D:2      | Learned a level 2 spell: Call Imp
   167 | D:2      | Noticed Robin
   200 | D:1      | Reached skill level 1 in Summonings
   342 | D:1      | Killed Robin
   342 | D:1      | Reached XP level 3. HP: 11/19 MP: 0/7
   359 | D:1      | Learned a level 3 spell: Mephitic Cloud
   843 | D:4      | Reached XP level 4. HP: 6/24 MP: 1/8
   854 | D:4      | Reached skill level 1 in Poison Magic
   928 | D:4      | Noticed an ogre
   929 | D:4      | HP: 1/24 [ogre/giant club (13)]
   959 | D:4      | Mangled by an ogre

Skill      XL: |  1  2  3  4 |
---------------+-------------+-----
Conjurations   | 2 3 |  3.2
Summonings     | 1 |  1.4
Poison Magic   | 1 |  1.0
Dodging        | |  1.5
Stealth        | |  2.1
Spellcasting   | |  3.0
Translocations | |  0.8
Air Magic      | |  0.8

Action                   |  1- 3 |  4- 6 || total
-------------------------+-------+-------++-------
Melee: Unarmed           |    25 |       ||    25
       Short sword       |    58 |     3 ||    61
 Cast: Magic Dart        |    64 |     3 ||    67
       Call Imp          |     3 |     1 ||     4
       Mephitic Cloud    |       |     1 ||     1
Armor: Robe              |    53 |       ||    53
Dodge: Dodged            |   122 |     3 ||   125
